 Dungeon Crawl Stone Soup version 0.30-a0-571-gdf30a72648 (webtiles) character file.

Game seed: 10178618743894742675

23394 wormed the Marksspriggan (level 12, -2/65 HPs)
             Began as a Spriggan Hunter on Dec 30, 2022.
             Was the Champion of Okawaru.
             Slain by a death yak (15 damage)
             ... on level 4 of the Lair of Beasts.
             The game lasted 00:24:49 (11549 turns).

wormed the Marksspriggan (Spriggan Hunter)         Turns: 11549, Time: 00:24:50

Health: -2/65      AC:  4    Str:  7    XL:     12   Next: 71%
Magic:  13/13      EV: 34    Int: 12    God:    Okawaru [******]
Gold:   822        SH:  0    Dex: 22    Spells: 11/11 levels left

rFire   + . .      SeeInvis +    B - +1 hand crossbow (flame)
rCold   . . .      Faith    .    (no shield)
rNeg    . . .      Spirit   .    n - +2 robe {rF+}
rPois   .          Reflect  .    (helmet restricted)
rElec   .          Harm     .    (no cloak)
rCorr   .          Rampage  .    (gloves unavailable)
Will    +++..                    (boots unavailable)
Stlth   ++++++                   k - amulet of regeneration
HPRegen 1.10/turn                u - ring of willpower
MPRegen 0.13/turn                c - +5 ring of evasion

@: very quick
A: very small, no large weapons, unfitting armour, see invisible, speed 3
a: Renounce Religion, Heroism, Finesse, Duel


You were on level 4 of the Lair of Beasts.
You worshipped Okawaru.
Okawaru was exalted by your worship.
You visited 2 branches of the dungeon, and saw 13 of its levels.

You collected 822 gold pieces.

Inventory:

Hand Weapons
 B - a +1 hand crossbow of flaming (weapon)
Missiles
 x - 3 throwing nets
Armour
 a - the +2 robe of Vipiere {+Inv}
   (You acquired it on level 9 of the Dungeon)

   +Inv:      It lets you turn invisible.
 n - a +2 robe of fire resistance (worn)
Jewellery
 c - a +5 ring of evasion (right hand)
 k - an amulet of regeneration (around neck)
 u - a ring of willpower (left hand)
Wands
 d - a wand of paralysis (4)
 q - a wand of polymorph (11)
 A - a wand of quicksilver (4)
Scrolls
 b - a scroll of immolation
 h - a scroll of blinking
 i - a scroll of teleportation
 l - a scroll of magic mapping
 t - a scroll of torment
 y - a scroll of fear
 C - 2 scrolls of identify
 D - a scroll of enchant weapon
Potions
 e - 7 potions of curing
 f - 7 potions of flight
 j - a potion of brilliance
 m - a potion of berserk rage
 o - a potion of attraction
 p - 5 potions of heal wounds
 r - 3 potions of lignification
 s - a potion of mutation
 z - a potion of haste
 E - 2 potions of might
 F - a potion of cancellation
Miscellaneous
 v - a tin of tremorstones (2/2)
 w - a condenser vane


   Skills:
 + Level 8.4 Fighting
 * Level 16.7 Ranged Weapons
 + Level 12.9 Dodging
 + Level 14.9 Stealth


You had 11 spell levels left.
You didn't know any spells.
Your spell library contained the following spells:

 Spells                   Type           Power      Damage    Failure   Level
 Necrotise                Necr           0%         1d4       32%         1
 Scorch                   Fire           0%         2d5       45%         2
 Dazzling Flash           Conj/Hex       0%         N/A       69%         3
 Ozocubu's Armour         Ice            0%         N/A       69%         3
 Vampiric Draining        Necr           0%         2d6       69%         3
 Flame Wave               Conj/Fire      0%         2d4       97%         4
 Iskenderun's Mystic Bla  Conj/Tloc      0%         2d3       97%         4
 Olgreb's Toxic Radiance  Pois           0%         N/A       97%         4
 Agony                    Necr           0%         N/A       100%        5
 Starburst                Conj/Fire      0%         6d3       100%        6
 Ozocubu's Refrigeration  Ice            0%         4d7       100%        7
 Storm Form               Tmut/Air       0%         N/A       100%        7
 Ignition                 Fire           0%         3d3       100%        8
 Maxwell's Capacitive Co  Air            0%         ∞         100%        8
 Summon Lightning Spire   Summ/Air       Unusable   N/A       N/A         4
 Summon Cactus Giant      Summ           Unusable   N/A       N/A         6

Dungeon Overview and Level Annotations

Branches:
Dungeon (9/15)             Temple (0/1) D:7            Lair (4/5) D:9
  Swamp (0/4) Lair:2       Spider (0/4) Lair:3
  Slime: Lair:4-5       Orc: D:9-12

Altars:
Ashenzari
Cheibriados
Dithmenos
Hepliaklqana
Okawaru
Qazlal
Sif Muna
Wu Jian

Shops:
D:8 *

Annotations:
D:6 pigah's ghost, novice OpWn


Innate Abilities, Weirdness & Mutations

You are very small and have problems with some larger weapons.
You are too small for most types of armour.
You have supernaturally acute eyesight. (SInv)
You cover ground extremely quickly. (Speed+++)


Message History

Okawaru accepts your kill. The yak closely misses you.
The yak completely misses you. The yak misses you.
The yak bellows!
The yak snorts and paws the ground.
You shoot a bolt. The bolt hits the yak!!
The bolt burns the yak!
You kill the yak!
Okawaru accepts your kill.
You see here a yak corpse.
Being near the torpor snail leaves you feeling lethargic.
You shoot a bolt. The bolt hits the torpor snail!!
The bolt burns the torpor snail.
The torpor snail is heavily wounded.
The torpor snail completely misses you. x2
You shoot a bolt.
The bolt hits the torpor snail but does no damage.
The torpor snail is heavily wounded.
The cane toad completely misses you. The torpor snail completely misses you.
You shoot a bolt. The bolt hits the torpor snail!
The bolt burns the torpor snail!
The torpor snail is severely wounded.
The cane toad completely misses you. The cane toad closely misses you.
The torpor snail closely misses you.
You shoot a bolt. The bolt hits the torpor snail!
The bolt burns the torpor snail.
You kill the torpor snail!
Okawaru accepts your kill.
You feel yourself speed up. The cane toad completely misses you.
The death yak gores you! The cane toad completely misses you.
The yak gores you! The death yak barely misses you.
You see here a torpor snail corpse.
You shoot a bolt.
The bolt hits the death yak but does no damage.
The death yak is lightly wounded.
The death yak gores you!!
* * * LOW HITPOINT WARNING * * *
The death yak completely misses you. The cane toad completely misses you.
The death yak gores you!
You die...

....... ##..........#
##...........##
###.#...........######
..#..................#####
..................#....#.#####
......................#...##.#
..............YY......P...#.##
..........†...YF@...........###
.............†.Y..............#
.....†...................Y....#
..............................##
.........+#.#..................#
........#.8...................###
.....P..#....##.............Y..#.
.P.#.#........#.##...†...........
####.#.........####........w....>


You could see 2 death yaks, 2 yaks and a cane toad.

Vanquished Creatures
  Harold (Lair:1)
  3 hydras
  2 boulder beetles
  2 catoblepae (Lair:1)
  A two-headed ogre (D:9)
  3 death yaks (Lair:4)
  Pikel (D:4)
  A black mamba (Lair:1)
  A torpor snail (Lair:4)
  A cane toad (Lair:2)
  2 rime drakes
  A kobold demonologist (D:7)
  Psyche (D:8)
  7 komodo dragons
  6 blink frogs
  A polar bear (Lair:4)
  A dream sheep (Lair:3)
  24 yaks
  2 shadows (D:9)
  A wyvern (D:9)
  3 basilisks
  2 steam dragons
  A redback (Lair:3)
  An acid dragon (D:9)
  Edmund (D:4)
  9 water moccasins
  4 orc warriors
  A swamp drake (D:5)
  4 black bears
  3 ice beasts (D:7)
  6 centaurs
  3 lemures (D:3)
  A gnoll sergeant (D:8)
  9 bullfrogs
  A necrophage (D:6)
  A scorpion (D:6)
  9 wights
  11 killer bees
  5 howler monkeys
  7 hounds
  3 jellies
  4 orc priests
  10 iguanas
  3 orc wizards
  Natasha (thrice) (D:4)
  8 hell rats
  12 gnolls
  3 river rats (Lair:3)
  4 adders
  2 shadow imps
  3 white imps
  An ufetubus (D:7)
  3 worms
  3 dart slugs
  24 orcs
  4 bats (D:1)
  8 endoplasms
  11 giant cockroaches
  18 hobgoblins
  8 kobolds
  2 quokkas
  9 ball pythons
  9 frilled lizards (D:1)
  8 goblins
  20 rats
327 creatures vanquished.

Vanquished Creatures (others)
  A killer bee (D:9)
  An orc (D:9)
  7 fungi (Lair:2)
  10 plants
19 creatures vanquished.

Grand Total: 346 creatures vanquished

Notes
Turn   | Place    | Note
-------+----------+-------------------------------------------
     0 | D:1      | wormed the Spriggan Hunter began the quest for the Orb.
     0 | D:1      | Reached XP level 1. HP: 10/10 MP: 2/2
    57 | D:1      | Reached XP level 2. HP: 15/15 MP: 3/3
   363 | D:1      | Reached XP level 3. HP: 17/18 MP: 4/4
   748 | D:1      | Reached XP level 4. HP: 21/23 MP: 5/5
  1186 | D:3      | Found an iron altar of Okawaru.
  1201 | D:3      | Became a worshipper of Warmaster Okawaru
  1314 | D:3      | Reached skill level 5 in Ranged Weapons
  1349 | D:3      | Reached XP level 5. HP: 27/27 MP: 6/6
  1686 | D:4      | Noticed Natasha
  1688 | D:4      | Killed Natasha
  1691 | D:4      | Noticed Natasha
  1694 | D:4      | Killed Natasha
  1758 | D:4      | Noticed a lemure
  1759 | D:4      | Noticed a lemure
  1759 | D:4      | Noticed a lemure
  1761 | D:4      | Noticed Pikel
  1762 | D:4      | Noticed a lemure
  1768 | D:4      | Found a shimmering blue altar of Sif Muna.
  1777 | D:4      | Noticed Edmund
  1826 | D:4      | Noticed Natasha
  1842 | D:3      | Killed a lemure
  1845 | D:3      | Killed a lemure
  1904 | D:4      | Found a stormy altar of Qazlal.
  2131 | D:3      | Killed a lemure
  2153 | D:4      | Found a snail-covered altar of Cheibriados.
  2172 | D:4      | Killed Natasha
  2375 | D:4      | Killed Edmund
  2376 | D:4      | Reached XP level 6. HP: 32/32 MP: 7/7
  2550 | D:4      | Killed Pikel
  2550 | D:4      | Reached * piety under Okawaru
  2551 | D:4      | Reached skill level 6 in Ranged Weapons
  2551 | D:4      | Reached skill level 5 in Dodging
  2551 | D:4      | Reached XP level 7. HP: 36/36 MP: 8/8
  2716 | D:5      | Entered Level 5 of the Dungeon
  2839 | D:5      | Reached skill level 7 in Ranged Weapons
  3048 | D:5      | Reached XP level 8. HP: 42/42 MP: 9/9
  3607 | D:6      | Reached ** piety under Okawaru
  4281 | D:5      | Reached skill level 8 in Ranged Weapons
  4485 | D:6      | Reached XP level 9. HP: 31/46 MP: 10/10
  4507 | D:6      | Reached *** piety under Okawaru
  5174 | D:6      | Reached skill level 9 in Ranged Weapons
  5446 | D:7      | Noticed a kobold demonologist
  5446 | D:7      | Found a runed translucent gate.
  5446 | D:7      | Found a runed translucent gate.
  5446 | D:7      | Found a runed translucent gate.
  5625 | D:7      | Reached skill level 5 in Fighting
  5690 | D:7      | Found an ornate altar of the Wu Jian Council.
  5691 | D:7      | Found a hazy altar of Hepliaklqana.
  5695 | D:7      | Found a broken altar of Ashenzari.
  5721 | D:7      | Found a staircase to the Ecumenical Temple.
  5856 | D:7      | Noticed pigah's ghost (novice OpWn)
  5984 | D:7      | Reached skill level 10 in Ranged Weapons
  6298 | D:8      | Reached **** piety under Okawaru
  6364 | D:8      | Reached skill level 10 in Stealth
  6377 | D:8      | Reached skill level 11 in Ranged Weapons
  6379 | D:8      | Reached XP level 10. HP: 51/51 MP: 11/11
  6468 | D:7      | Noticed an orange demon
  6644 | D:7      | Noticed a rust devil
  6675 | D:7      | Noticed a smoke demon
  7099 | D:8      | Found Bufobeb's General Store.
  7141 | D:8      | Reached ***** piety under Okawaru
  7298 | D:8      | Reached skill level 12 in Ranged Weapons
  7995 | D:9      | Noticed Psyche
  8106 | D:8      | Received a gift from Okawaru
  8118 | D:8      | Reached skill level 13 in Ranged Weapons
  8136 | D:9      | Reached skill level 10 in Dodging
  8169 | D:9      | Noticed a two-headed ogre
  8243 | D:8      | Killed Psyche
  8380 | D:9      | Found a staircase to the Lair.
  8420 | D:9      | Killed a two-headed ogre
  8421 | D:9      | Reached XP level 11. HP: 58/58 MP: 12/12
  8569 | D:9      | Found a shadowy altar of Dithmenos.
  8804 | D:9      | Identified a scroll of acquirement
  8804 | D:9      | Acquired the +2 robe of Vipiere {+Inv}
  8807 | Lair:1   | Entered Level 1 of the Lair of Beasts
  8859 | Lair:1   | Noticed a boulder beetle
  8902 | Lair:1   | Killed a boulder beetle
  8903 | Lair:1   | Reached skill level 14 in Ranged Weapons
  9113 | Lair:1   | Received a gift from Okawaru
  9132 | Lair:1   | Reached ****** piety under Okawaru
  9251 | Lair:1   | Noticed a catoblepas
  9253 | Lair:1   | Reached skill level 15 in Ranged Weapons
  9326 | Lair:1   | Killed a catoblepas
  9483 | Lair:1   | Noticed Harold
  9487 | Lair:1   | Noticed a catoblepas
  9502 | Lair:1   | Killed Harold
  9521 | Lair:1   | Killed a catoblepas
  9894 | Lair:2   | Noticed a six-headed hydra
  9903 | Lair:2   | Killed a six-headed hydra
  9906 | Lair:2   | Received a gift from Okawaru
 10033 | Lair:2   | Noticed a five-headed hydra
 10035 | Lair:2   | Reached XP level 12. HP: 63/63 MP: 13/13
 10039 | Lair:2   | Killed a five-headed hydra
 10141 | Lair:2   | Found a staircase to the Swamp.
 10298 | Lair:2   | Reached skill level 16 in Ranged Weapons
 10328 | Lair:2   | Received a gift from Okawaru
 10838 | Lair:3   | Found a hole to the Spider Nest.
 11026 | Lair:3   | Noticed a boulder beetle
 11041 | Lair:3   | Killed a boulder beetle
 11390 | Lair:4   | Noticed a four-headed hydra
 11395 | Lair:4   | Killed a four-headed hydra
 11443 | Lair:4   | Noticed a death yak
 11446 | Lair:4   | Noticed a death yak
 11447 | Lair:4   | Noticed a death yak
 11448 | Lair:4   | Noticed a death yak
 11451 | Lair:4   | Noticed a death yak
 11481 | Lair:4   | Killed a death yak
 11481 | Lair:4   | Identified the +3 cloak of the Arcane {rPois} (Okawaru
                  | gifted it to you on level 4 of the Lair of Beasts)
 11481 | Lair:4   | Received a gift from Okawaru
 11516 | Lair:4   | Killed a death yak
 11529 | Lair:4   | Killed a death yak
 11549 | Lair:4   | Slain by a death yak

Illustrated notes

Levels and vault maps discovered:
D:1:      roderic_crop_circles_arrival_small, layout_rooms, minmay_lizard_pond
D:2:      minmay_roachtagon, layout_rooms
D:3:      layout_basic, mainiacjoe_overflow_boulevard
D:4:      layout_rooms, kennysheep_slug_shrine, kennysheep_mini_moat,
          kennysheep_mini, uniq_pikel, uniq_natasha, uniq_edmund
D:5:      layout_loops_ring, minmay_misc_feat_doors
D:6:      minmay_recursive_quarters, layout_layer_cave, minmay_manual_mares
D:7:      layout_cave_pools, minitemple, minmay_temple_entry_glass,
          gammafunk_ghost_split
D:8:      layout_loops_ring, serial_shops, shop_fountains
D:9:      layout_cross, grunt_dithmenos_shadows, lair_entry_dummy, uniq_psyche
Lair:1:   beast_lair_carwin_large_3, layout_gridlike, uniq_harold
Lair:2:   layout_loops_ring, minmay_swamp_entry_reptiles
Lair:3:   layout_chaotic_city, spider_nest_entry_webs,
          kennysheep_abandoned_house, grunt_megastairs_1
Lair:4:   layout_hall_layers, slime_entry_2, grunt_megastairs_5,
          infiniplex_staircase_pool, lemuel_fruit_tree, lemuel_fruit_fields

Skill      XL: |  1  2  3  4  5  6  7  8  9 10 11 12 |
---------------+-------------------------------------+-----
Stealth        | 2 3 4 6 8 10 11 13 14 | 14.9
Dodging        | 3 4 5 6 7 8 10 11 12 | 12.9
Fighting       | 2 3 4 5 6 7 8 |  8.4
Ranged Weapons | 5 6 7 8 11 13 15 16 | 16.7

Action                   |  1- 3 |  4- 6 |  7- 9 | 10-12 || total
-------------------------+-------+-------+-------+-------++-------
Melee: Unarmed           |       |    13 |       |       ||    13
 Fire: Shortbow          |   113 |   283 |   390 |       ||   786
       Arbalest          |       |       |    31 |   455 ||   486
       Hand crossbow     |       |       |       |   128 ||   128
Evoke: Wand              |       |       |     1 |       ||     1
  Use: Scroll            |       |     4 |    11 |     8 ||    23
       Potion            |       |       |     7 |       ||     7
 Stab: Confused          |       |     4 |       |       ||     4
Armor: Robe              |     7 |     4 |    19 |     7 ||    37
       Skin              |       |     3 |    35 |       ||    38
       Steam dragon scal |       |       |       |     8 ||     8
Dodge: Dodged            |    30 |    77 |   282 |   330 ||   719

Table legend: (Time is in decaauts)
 A = Elapsed time spent in this place.
 B = Non-inter-level travel time spent in this place.
 C = Inter-level travel time spent in this place.
 D = Time resting spent in this place.
 E = Time spent auto-exploring this place.
 F = Levels seen in this place.
 G = Mean time per level.
                   A        B        C        D        E       F      G
               +--------+--------+--------+--------+--------+-----+--------+
         Total |   8238 |   7861 |    377 |    146 |   4450 |  13 |  633.7 |
       Dungeon |   6330 |   5966 |    364 |    103 |   3205 |   9 |  703.3 |
          Lair |   1907 |   1894 |     13 |     43 |   1244 |   4 |  476.8 |
               +--------+--------+--------+--------+--------+-----+--------+

Top non-repeatable levels by time:
     D:6: 1287 daAuts
     D:7: 956 daAuts
     D:8: 892 daAuts
     D:5: 791 daAuts
  Lair:1: 765 daAuts
     D:4: 744 daAuts
  Lair:3: 527 daAuts
  Lair:2: 484 daAuts
     D:9: 430 daAuts
     D:1: 420 daAuts
     D:3: 409 daAuts
     D:2: 397 daAuts
  Lair:4: 129 daAuts
